Map: Ice and Chrome LE

Players

Denver

  • Race: Zerg Zerg
  • League: Grandmaster
  • Spawn Location: 1:00

MarineLorD - Winner!

  • Race: Terran Terran
  • League: Master
  • Spawn Location: 7:00

Event: DreamHack SC2 Masters 2020 Fall

VOD

Have the link to the VOD?

Description

Time

  • Played on: Aug. 27, 2020, 12:52 p.m.
  • Length: 35:57

All games in this series

Show
View Real Time Build Order
Export as new Build Order

Denver Zerg 

Build Orders: Hatch First 

Get SALT Encoding   

  12  0:00  Drone  
  13  0:12  Overlord  
  13  0:17  Drone  
  14  0:30  Drone  
  14  0:31  Drone  
  16  0:47  Hatchery  
  15  0:51  Drone  
  15  0:55  Drone  
  17  0:59  Drone  
  18  1:10  Extractor  
  17  1:15  Spawning Pool  
  16  1:19  Drone  
  16  1:22  Drone  
  18  1:29  Drone  
  19  1:38  Drone  
  20  1:49  Overlord  
  20  2:01  Queen x2  
  20  2:02  Zergling x4  
  26  2:12  Metabolic Boost  
  26  2:13  Drone  
  26  2:15  Drone  
  28  2:34  Hatchery  
  28  2:35  Drone  
  27  2:39  Drone  
  27  2:43  Drone x2  
  30  2:48  Drone  
  31  2:52  Overlord  
  31  2:55  Drone  
  31  2:57  Drone  
  33  3:03  Queen  
  35  3:06  Drone  
  35  3:11  Drone x2  
  38  3:15  Drone x2  
  38  3:19  Pneumatized Carapace  
  40  3:23  Drone x2  
  42  3:27  Overlord  
  42  3:31  Zergling x2  
  43  3:43  Overlord, Drone  
  43  3:45  Queen  
  43  3:47  Zergling x8  
  50  3:51  Queen  
  50  3:55  Overlord  
  52  4:00  Drone  
  52  4:01  Baneling Nest  
  52  4:02  Drone  
  53  4:08  Overlord  
  53  4:09  Queen  
  53  4:12  Overlord  
  56  4:18  Overlord  
  56  4:20  Drone  
  56  4:21  Roach Warren  
  56  4:23  Drone  
  56  4:24  Drone x2  
  58  4:29  Overlord  
  58  4:30  Drone  
  58  4:31  Drone  
  61  4:34  Queen  
  61  4:37  Zergling x2  
  64  4:38  Zergling x2  
  64  4:39  Zergling x2  
  64  4:42  Zergling x4  
  64  4:45  Spore Crawler  
  67  4:47  Drone  
  67  4:51  Drone x3  
  71  4:54  Spore Crawler  
  71  4:55  Drone  
  71  4:59  Zergling x4  
  73  5:01  Zergling x4  
  73  5:05  Roach  
  73  5:06  Roach  
  79  5:07  Overlord  
  79  5:11  Spore Crawler  
  79  5:14  Roach x2  
  82  5:16  Roach  
  86  5:21  Roach x2  
  86  5:23  Overlord  
  86  5:26  Lair  
  88  5:30  Drone  
  88  5:31  Drone x3  
  88  5:41  Drone  
  88  5:42  Drone x5  
  91  5:47  Extractor  
  91  5:48  Extractor  
  89  5:51  Overlord  
  89  5:52  Drone x3  
  89  5:56  Spore Crawler  
  91  5:58  Drone x5  
  91  6:01  Overlord  
  91  6:04  Queen  
  96  6:05  Drone  
  96  6:11  Overlord  
  99  6:13  Drone  
  100  6:20  Overlord  
  100  6:22  Drone x4  
  104  6:26  Drone x4  
  106  6:34  Drone x2  
  106  6:37  Extractor  
  106  6:39  Glial Reconstitution  
  107  6:40  Spire  
  107  6:42  Extractor x2  
  107  6:44  Hatchery  
  107  6:45  Drone x3  
  106  6:47  Overseer  
  106  6:54  Drone  
  106  6:55  Drone x7  
  106  6:58  Spore Crawler  
  106  6:59  Spore Crawler  
  112  7:03  Roach  
  112  7:04  Roach  
  112  7:07  Drone  
  117  7:12  Evolution Chamber, Drone x3  
  117  7:14  Baneling Nest  
  117  7:15  Evolution Chamber  
  117  7:25  Drone x8  
  125  7:38  Zerg Ground Armor Level 1  
  125  7:44  Hatchery  
  125  7:46  Extractor  
  125  7:48  Extractor  
  122  7:53  Corruptor x6  
  122  7:55  Overlord x2  
  122  7:56  Overlord  
  128  7:59  Overlord  
  128  8:01  Overlord  
  128  8:04  Zerg Flyer Weapons Level 1  
  128  8:05  Zerg Melee Weapons Level 1  
  128  8:07  Overlord  
  126  8:16  Roach x4  
  126  8:18  Drone x4  
  132  8:21  Queen  
  132  8:24  Drone x2  
  132  8:25  Drone  
  134  8:35  Drone x7  
  134  8:37  Infestation Pit  
  140  8:43  Ravager x7  
  140  8:44  Overlord  
  140  8:45  Overseer  
  140  8:46  Spore Crawler  
  146  8:51  Overlord  
  146  8:54  Drone x2  
  148  8:57  Spore Crawler  
  147  9:06  Ravager x3, Centrifical Hooks  
  148  9:16  Overlord  
  142  9:18  Drone x10  
  142  9:20  Zergling x30  
  167  9:26  Extractor  
  167  9:28  Hive  
  167  9:29  Extractor  
  164  9:35  Zergling x2  
  164  9:36  Zergling x18  
  164  9:37  Corruptor  
  172  9:41  Corruptor  
  174  9:45  Drone  
  174  9:46  Drone x2  
  174  9:48  Corruptor  
  174  9:49  Corruptor x2  
  174  9:51  Overlord  
  179  9:54  Overlord, Drone  
  179  9:55  Overlord  
  179  9:58  Overlord  
  178  10:02  Overlord  
  178  10:05  Zerg Missile Weapons Level 1  
  178  10:06  Zerg Flyer Weapons Level 2, Zerg Ground Armor Level 2  
  175  10:09  Overlord  
  175  10:10  Overlord  
  174  10:14  Burrow  
  174  10:19  Roach x6  
  174  10:21  Baneling x8  
  186  10:32  Queen  
  186  10:33  Corruptor x3  
  186  10:35  Drone x3  
  197  10:37  Baneling x5  
  197  10:38  Baneling  
  197  10:43  Adrenal Glands  
  197  10:45  Evolution Chamber  
  196  10:56  Zergling x6  
  196  10:57  Zergling x2  
  200  11:02  Baneling x15  
  194  11:17  Overseer  
  191  11:27  Spine Crawler, Spore Crawler  
  191  11:30  Spine Crawler x2  
  185  11:35  Zergling x30  
  198  11:52  Ultralisk Cavern  
  195  11:57  Zergling x14  
  195  11:58  Zergling x20, Roach  
  182  12:02  Corruptor x3  
  172  12:11  Corruptor x3  
  172  12:20  Drone x4  
  176  12:25  Baneling x9  
  176  12:30  Hatchery  
  176  12:32  Zerg Missile Weapons Level 2  
  176  12:33  Zerg Melee Weapons Level 2  
  176  12:34  Zerg Ground Armor Level 3  
  175  12:37  Hatchery  
  174  12:49  Corruptor x2  
  174  12:50  Corruptor  
  174  12:57  Zergling x20  
  166  13:13  Zergling x28, Roach x3  
  166  13:16  Queen  
  186  13:22  Corruptor x3  
  186  13:25  Baneling x6  
  186  13:26  Roach x4  
  188  13:51  Zergling x2  
  188  13:52  Zergling x14, Roach x2  
  188  13:53  Chitinous Plating  
  187  14:15  Drone x3  
  187  14:16  Zerg Flyer Weapons Level 3  
  190  14:22  Zergling x30  
  191  14:24  Baneling x9  
  191  14:28  Ravager  
  191  14:29  Ravager x4  
  196  14:37  Baneling x2  
  186  15:01  Ultralisk x2  
  198  15:11  Baneling x7  
  198  15:12  Anabolic Synthesis  
  197  15:23  Zergling x4  
  191  15:39  Zergling x18, Ultralisk  
  190  15:53  Baneling x7  
  186  16:02  Zergling x12  
  186  16:03  Zergling x16, Ultralisk  
  184  16:09  Queen  
  184  16:14  Zergling x18  
  192  16:21  Hatchery  
  192  16:23  Baneling x8  
  190  16:26  Queen  
  190  16:27  Queen  
  187  16:37  Zergling x24  
  185  16:43  Baneling x13  
  185  16:45  Baneling x10  
  185  16:46  Baneling  
  183  16:47  Zergling x12  
  189  16:54  Zerg Melee Weapons Level 3  
  189  16:55  Zerg Missile Weapons Level 3  
  160  17:10  Zergling x14  
  160  17:11  Ultralisk, Corruptor x5  
  160  17:12  Corruptor x4  
  177  17:20  Corruptor x2  
  154  17:39  Swarm Host, Drone x2  
  154  17:43  Drone x7  
  140  17:44  Drone x14  
  140  17:45  Drone  
  152  17:52  Ultralisk x2  
  152  17:53  Roach x6  
  174  17:59  Baneling  
  174  18:00  Baneling x9  
  174  18:02  Roach  
  174  18:03  Roach x6  
  188  18:21  Ravager  
  188  18:22  Ravager x3  
  188  18:24  Hatchery, Spine Crawler  
  188  18:26  Spine Crawler x2  
  188  18:30  Zergling x22  
  198  18:50  Ravager x2  
  198  19:20  Viper  
  193  19:39  Spine Crawler x2  
  193  19:41  Zergling x28, Ultralisk  
  193  19:45  Zergling x6  
  193  19:46  Zergling x8, Hatchery  
  192  19:57  Zergling x28  
  198  20:09  Baneling x7  
  198  20:10  Ravager, Baneling x4  
  198  20:13  Extractor x2  
  197  20:16  Queen  
  176  20:34  Zergling x50  
  176  20:35  Zergling x8  
  159  20:51  Zergling x28  
  159  20:52  Ultralisk x2  
  179  21:03  Drone x8  
  181  21:06  Baneling x14  
  181  21:07  Baneling x29  
  175  21:13  Roach x3  
  175  21:14  Ultralisk x2  
  180  21:28  Greater Spire  
  180  21:31  Drone x4  
  181  21:35  Zergling x14  
  181  21:36  Zergling x10, Roach x3  
  181  21:37  Queen  
  195  21:58  Zergling x14  
  191  22:05  Zergling x2  
  191  22:06  Zergling x30  
  175  22:19  Infestor x4  
  175  22:22  Zergling x20  
  191  22:25  Queen  
  191  22:27  Baneling x14  
  182  22:44  Infestor x4  
  182  22:47  Overseer x3  
  183  22:51  Ravager x5  
  183  22:53  Drone x3  
  189  23:02  Overseer  
  182  23:31  Overseer  
  176  24:02  Hatchery  
  171  24:07  Zergling x22  
  171  24:08  Zergling x24, Roach x4  
  171  24:09  Roach  
  193  24:13  Drone  
  186  24:22  Queen  
  188  24:27  Zergling x20  
  198  24:48  Baneling x6  
  198  24:50  Baneling x12  
  198  24:51  Baneling x2  
  194  25:08  Brood Lord x3  
  198  25:22  Zerg Flyer Armor Level 1  
  192  25:36  Extractor x2  
  192  25:39  Extractor  
  192  25:40  Extractor  
  187  25:58  Extractor  
  187  26:00  Corruptor x4  
  190  26:08  Brood Lord  
  190  26:09  Brood Lord x2  
  180  26:26  Drone x2  
  173  26:37  Brood Lord x4  
  173  26:38  Zergling x2  
  173  26:39  Zergling x32  
  158  26:55  Zergling x34  
  158  26:56  Ultralisk x3, Overlord  
  158  26:57  Overlord x2  
  183  27:07  Overlord  
  183  27:08  Hatchery  
  180  27:32  Hatchery  
  177  27:38  Baneling x12  
  177  27:39  Ravager x2  
  177  27:43  Drone x11  
  184  28:21  Infestor x4  
  179  28:30  Hatchery  
  178  28:34  Infestor x2  
  178  28:35  Infestor x2  
  183  28:48  Drone x7  
  190  28:52  Extractor x2  
  190  28:53  Corruptor  
  183  30:02  Zergling x30  
  183  30:03  Roach  
  166  30:17  Zergling x2  
  166  30:18  Zergling x50  
  166  30:21  Ultralisk x4  
  190  30:24  Extractor  
  190  30:25  Queen  
  180  30:42  Zergling x26, Ultralisk x2  
  170  30:56  Zergling x18  
  172  31:03  Ultralisk  
  167  31:04  Zergling x2  
  167  31:05  Zergling x12  
  145  31:25  Queen x2  
  135  31:26  Drone x2  
  135  31:27  Drone  
  135  31:28  Extractor  
  135  31:29  Extractor  
  128  31:33  Zergling x28  
  137  31:53  Infestor x3  
  123  32:08  Infestor x2  
  117  32:09  Queen x3  
  118  32:34  Baneling x12  
  116  32:53  Infestor x7  
  116  32:54  Infestor  
  116  33:06  Ultralisk  
  121  33:27  Hatchery  
  119  33:40  Infestor x10  
  119  33:52  Drone x4  
  118  34:05  Extractor  
  118  34:09  Drone x4  
Show
View Real Time Build Order
Export as new Build Order

MarineLorD Terran - Winner!

Build Orders: Gas First Reaper Expand, Hellion Opening, Mech 

Get SALT Encoding   

  12  0:00  SCV  
  13  0:12  SCV  
  14  0:17  Supply Depot  
  14  0:24  SCV  
  15  0:30  Refinery  
  15  0:38  SCV  
  16  0:43  Barracks  
  16  0:50  SCV  
  17  1:03  SCV  
  18  1:15  SCV  
  19  1:29  Orbital Command  
  19  1:30  Reaper  
  20  1:41  Command Center  
  20  1:52  Factory  
  20  1:55  SCV  
  21  2:06  Supply Depot  
  21  2:07  Barracks Reactor  
  21  2:08  SCV  
  22  2:16  Refinery  
  22  2:20  SCV  
  23  2:32  SCV  
  25  2:44  SCV  
  25  2:46  Starport  
  25  2:54  Orbital Command  
  25  2:55  Hellion x2, Marine  
  25  2:57  SCV  
  31  3:09  SCV  
  32  3:13  Marine  
  32  3:17  Hellion x2  
  32  3:19  SCV  
  38  3:21  SCV  
  38  3:24  Fusion Core  
  39  3:31  SCV  
  39  3:34  Supply Depot, Marine  
  40  3:38  Starport Tech Lab  
  41  3:41  SCV  
  41  3:43  SCV  
  43  3:50  Supply Depot  
  43  3:53  SCV  
  43  3:55  Hellion  
  46  3:56  SCV, Hellion  
  52  4:06  SCV  
  52  4:08  SCV  
  54  4:12  Marine  
  54  4:15  Battlecruiser  
  58  4:18  SCV  
  58  4:21  SCV  
  58  4:23  Supply Depot  
  60  4:30  SCV  
  61  4:33  SCV  
  62  4:45  SCV  
  63  4:46  SCV, Command Center  
  63  4:48  Refinery, Weapon Refit  
  63  4:49  Refinery  
  64  4:57  SCV  
  64  4:59  SCV  
  66  5:09  SCV  
  66  5:11  SCV  
  68  5:16  Supply Depot  
  68  5:18  Supply Depot  
  68  5:21  SCV  
  69  5:23  SCV  
  70  5:38  SCV x2, Hellion x2  
  70  5:40  Battlecruiser  
  82  5:50  SCV x2  
  82  5:51  Factory  
  82  5:54  Factory  
  84  5:58  Orbital Command  
  84  6:02  SCV x2  
  86  6:05  Hellion x2  
  90  6:14  SCV x2, Armory  
  90  6:16  Armory  
  92  6:21  Orbital Command  
  92  6:26  SCV x2  
  92  6:27  Supply Depot  
  92  6:30  Supply Depot  
  92  6:31  Supply Depot  
  92  6:32  Hellion x2  
  98  6:36  Factory Tech Lab  
  98  6:37  Factory Tech Lab  
  98  6:38  SCV x2  
  100  6:40  Refinery  
  100  6:44  Refinery  
  100  6:49  Battlecruiser  
  100  6:50  SCV  
  100  6:53  SCV x2  
  109  6:55  Supply Depot  
  109  6:56  Supply Depot  
  109  6:57  Supply Depot  
  109  6:59  Siege Tank x2  
  115  7:02  SCV  
  115  7:05  SCV  
  115  7:06  SCV  
  118  7:11  Hellion x2  
  118  7:15  SCV  
  123  7:20  SCV x2  
  123  7:21  Engineering Bay  
  125  7:24  Terran Vehicle Weapons Level 1, Terran Vehicle And Ship Armor Level 1  
  125  7:27  SCV  
  126  7:32  SCV, Siege Tank  
  126  7:34  Siege Tank  
  134  7:39  SCV  
  134  7:47  Supply Depot  
  134  7:48  Missile Turret  
  134  7:49  Supply Depot  
  134  7:50  Missile Turret  
  134  7:52  Missile Turret  
  134  7:54  Battlecruiser  
  140  8:01  Hellion x2  
  144  8:07  Factory x2  
  142  8:14  Command Center  
  142  8:19  Siege Tank  
  146  8:20  Siege Tank  
  146  8:31  Hellion x2, Missile Turret  
  150  8:34  SCV  
  150  8:35  SCV  
  150  8:38  Supply Depot x2, Missile Turret  
  152  8:52  Infernal Pre-Igniter  
  152  8:53  Factory Reactor, Factory Tech Lab  
  151  8:55  Cyclone  
  151  8:56  Cyclone  
  151  9:02  Sensor Tower  
  157  9:04  Command Center  
  157  9:05  Smart Servos  
  155  9:18  Hellion x2, Cyclone  
  162  9:28  Cyclone x2  
  166  9:31  Refinery  
  166  9:34  Missile Turret  
  166  9:35  Refinery  
  160  9:41  Missile Turret  
  160  9:42  Hellion x2  
  162  9:51  Cyclone, Terran Vehicle Weapons Level 2  
  165  9:57  Hellion x2  
  169  10:00  Cyclone x2  
  169  10:04  Hellion x2  
  179  10:10  Planetary Fortress  
  179  10:12  Command Center  
  179  10:15  Orbital Command  
  179  10:23  Cyclone  
  182  10:31  Mag-Field Accelerator  
  182  10:32  Cyclone  
  182  10:33  Hellion x2, Starport Reactor  
  189  10:38  Command Center  
  189  10:41  Missile Turret  
  189  10:42  Terran Vehicle And Ship Armor Level 2  
  189  10:47  SCV x2  
  190  11:09  Siege Tank  
  190  11:10  Siege Tank x2  
  199  11:24  Factory  
  199  11:28  Factory  
  194  11:57  Cyclone  
  194  12:00  Hellion x4  
  156  12:02  Cyclone x2  
  145  12:15  Liberator x2  
  148  12:21  Hellion x2  
  148  12:22  Hellion  
  154  12:23  Terran Vehicle Weapons Level 3  
  154  12:27  Neosteel Armor  
  154  12:30  SCV x2  
  154  12:31  SCV x2, Command Center  
  154  12:32  Sensor Tower  
  154  12:33  Factory Tech Lab  
  158  12:37  Factory  
  158  12:39  Factory  
  158  12:42  SCV  
  159  12:45  Hellion x2  
  159  12:48  Cyclone x2  
  165  12:58  Terran Ship Weapons Level 1  
  151  13:13  Cyclone x2  
  151  13:14  Hellion x3  
  151  13:15  Hellion x2  
  164  13:26  Cyclone x2  
  166  13:31  Missile Turret  
  166  13:36  Hellion x2  
  166  13:37  Missile Turret  
  166  13:38  Missile Turret x2  
  170  13:43  Command Center  
  170  13:49  Hellion x2, Cyclone x3  
  183  13:57  Hellion x2  
  183  14:02  Refinery x2  
  187  14:03  Cyclone x2  
  187  14:05  Factory Tech Lab x2  
  187  14:09  Planetary Fortress  
  193  14:11  Hi-Sec Auto Tracking  
  193  14:14  Planetary Fortress  
  193  14:21  Cyclone x2  
  199  14:32  Advanced Ballistics  
  199  14:34  Cyclone  
  199  14:39  Command Center  
  199  14:40  Command Center  
  186  15:02  Cyclone x3  
  186  15:03  Hellion x2  
  196  15:24  Orbital Command  
  190  15:35  Cyclone x2  
  188  15:36  Hellion x5  
  188  15:38  Command Center  
  182  15:43  Drilling Claws  
  182  15:45  Hellion  
  171  16:00  Cyclone  
  171  16:01  Hellion x2, Liberator  
  171  16:03  SCV x3, Hellion x2  
  171  16:04  SCV x3  
  144  16:06  SCV x2  
  141  16:14  Siege Tank x3  
  141  16:16  Siege Tank  
  144  16:19  Orbital Command x2  
  144  16:21  SCV x5  
  148  16:26  Siege Tank  
  148  16:29  Siege Tank  
  154  16:37  SCV  
  148  16:44  Siege Tank  
  148  16:46  Siege Tank  
  148  16:47  Siege Tank  
  157  16:50  Siege Tank  
  160  16:54  SCV  
  160  16:58  Siege Tank  
  160  16:59  Siege Tank  
  160  17:01  Siege Tank  
  170  17:07  Orbital Command  
  154  17:15  SCV  
  154  17:16  SCV  
  154  17:17  Command Center  
  154  17:21  Cyclone x2  
  162  17:23  Hellion  
  162  17:29  Cyclone  
  163  17:40  Cyclone x2  
  132  17:49  SCV x5  
  132  17:50  SCV  
  135  17:57  Liberator x2  
  141  18:07  Cyclone x2  
  141  18:11  SCV x4  
  151  18:17  Cyclone x3  
  160  18:30  Sensor Tower  
  160  18:31  Cyclone x2  
  166  18:50  Missile Turret x2  
  166  18:51  Cyclone x2  
  166  18:52  Missile Turret  
  166  18:55  Refinery  
  169  18:58  Refinery  
  169  19:01  Missile Turret x2  
  169  19:02  Planetary Fortress  
  169  19:06  Cyclone x2  
  169  19:09  Hellion  
  177  19:26  Cyclone  
  177  19:27  Cyclone  
  177  19:30  Command Center  
  177  19:42  Cyclone x3  
  165  19:52  Widow Mine x2  
  163  19:53  Widow Mine  
  163  19:56  Missile Turret  
  163  19:59  Missile Turret  
  156  20:02  Hellion, Cyclone  
  156  20:03  Hellion  
  155  20:08  Cyclone  
  155  20:09  Hellion  
  155  20:14  Hellion  
  150  20:30  Cyclone x2  
  150  20:31  Hellion x2  
  144  20:36  Cyclone  
  144  20:38  Cyclone  
  144  20:39  Hellion x3  
  156  20:44  Cyclone  
  156  20:45  Hellion  
  156  20:54  Hellion x2  
  160  21:00  Hellion x2, Cyclone  
  160  21:03  Hellion  
  142  21:12  Widow Mine x2  
  142  21:15  Hellion x2, Command Center  
  150  21:25  Cyclone x2  
  147  21:26  Hellion x2, Liberator x2  
  157  21:41  Cyclone x2  
  161  21:53  Command Center  
  146  22:06  Cyclone x5  
  146  22:07  Hellion x4  
  140  22:09  SCV  
  140  22:13  SCV x2  
  139  22:18  Command Center  
  138  22:25  Orbital Command  
  140  22:34  Hellion x2  
  144  22:41  SCV  
  148  22:44  Missile Turret  
  148  22:45  Siege Tank x3  
  148  22:49  SCV x2  
  151  22:53  SCV x2  
  150  23:01  Siege Tank  
  153  23:16  Missile Turret  
  153  23:21  Missile Turret  
  153  23:26  Siege Tank x2  
  159  23:28  Refinery  
  159  23:29  Refinery  
  159  23:31  Missile Turret, Command Center  
  159  23:36  Missile Turret  
  159  23:37  Missile Turret  
  159  23:48  Siege Tank x4  
  163  24:08  Siege Tank x2  
  152  24:13  SCV x8  
  155  24:25  SCV x5  
  160  24:35  Terran Vehicle And Ship Armor Level 3  
  160  24:38  Liberator x2  
  166  25:08  Thor x5  
  166  25:12  Barracks  
  166  25:13  Terran Infantry Armor Level 1, Barracks  
  196  25:14  Barracks Tech Lab  
  196  25:28  Missile Turret  
  196  25:32  Planetary Fortress  
  196  25:43  Refinery  
  196  25:46  Refinery  
  196  25:47  Missile Turret  
  196  25:49  Missile Turret  
  196  25:52  Missile Turret  
  193  26:12  Missile Turret  
  193  26:29  Barracks Tech Lab  
  193  26:31  Ghost Academy x2, Barracks Tech Lab  
  180  26:35  Thor x3  
  190  26:40  Thor  
  168  27:15  Ghost x3  
  180  27:19  Hellion x4  
  180  27:20  Command Center  
  191  27:28  Thor  
  197  27:33  Terran Infantry Armor Level 2, Terran Ship Weapons Level 2  
  197  27:34  Liberator x2  
  191  27:37  Missile Turret  
  191  27:43  Ghost x2  
  191  27:44  Ghost  
  186  28:12  Ghost x3  
  190  28:45  Hellion x5  
  200  28:58  Missile Turret  
  197  29:06  Hellion  
  197  29:07  Orbital Command  
  197  29:09  Missile Turret  
  199  29:19  Missile Turret  
  199  29:20  Missile Turret  
  199  29:31  Missile Turret x2  
  199  29:32  Refinery  
  199  29:33  Planetary Fortress  
  193  29:41  Siege Tank x3  
  195  29:49  Terran Infantry Weapons Level 1  
  192  29:53  Sensor Tower  
  192  29:57  Refinery  
  156  30:15  Thor x4  
  156  30:17  Thor x2  
  156  30:18  Hellion x4  
  145  30:35  Viking x2  
  149  30:39  Hellion x4  
  137  30:58  Hellion, Thor  
  137  30:59  Hellion x2  
  137  31:00  Hellion x2  
  137  31:01  Hellion x4  
  145  31:20  Hellion x3  
  145  31:21  Cyclone, Thor  
  145  31:22  Hellion x4  
  165  31:27  Ghost x2  
  166  31:41  Hellion x2, Thor x2  
  166  31:42  SCV x5  
  166  31:43  Hellion x3  
  166  31:44  Hellion  
  195  31:53  Hellion  
  197  31:55  Ghost  
  198  32:03  Hellion  
  187  32:23  Missile Turret  
  187  32:24  Ghost x2  
  187  32:25  Missile Turret  
  187  32:26  Enhanced Shockwaves  
  191  32:30  Missile Turret  
  191  32:45  Barracks Tech Lab  
  191  32:52  Ghost x2, Orbital Command  
  195  33:08  Missile Turret  
  192  33:21  Ghost x2  
  192  33:22  SCV x4  
  192  33:26  Refinery  
  200  33:28  Missile Turret  
  200  33:29  Missile Turret, Refinery  
  200  33:31  Missile Turret  
  200  33:33  Nuke  
  200  33:39  Sensor Tower  
  200  33:43  Sensor Tower  
  200  33:44  Personal Cloaking  
  200  33:51  Missile Turret  
  194  34:21  Ghost x3  
  184  34:33  Command Center  
  184  34:53  Ghost  
  184  34:54  Ghost x2  
  190  35:02  Thor  

Tags
 
Add a new tag
Caveats
  • Supply blocks, unpowered buildings, or Contaminate may cause inaccurate times.
  • Supply counts are checked every 10 seconds.